 Dungeon Crawl Stone Soup version 0.17.1-1-g73c8601 (webtiles) character file.

606 Mysteryquy the Ruffian (level 7, -7/70 HPs)
             Began as a Troll Monk on Jan 6, 2016.
             Was a Priest of Okawaru.
             Mangled by a warg (10 damage)
             ... on level 6 of the Dungeon.
             The game lasted 00:06:05 (2689 turns).

Mysteryquy the Ruffian (Troll Monk)                 Turns: 2689, Time: 00:06:05

Health: -7/70      AC:  6    Str: 22    XL:     7   Next: 19%
Magic:  6/6        EV: 11    Int:  6    God:    Okawaru [***...]
Gold:   133        SH:  0    Dex: 12    Spells: 0 memorised, 6 levels left

rFire  . . .     SeeInvis .       - Unarmed
rCold  . . .     Clarity  .     a - +0 robe
rNeg   . . .     SustAt   .     (no shield)
rPois  .         Gourm    +     (helmet restricted)
rElec  .         Spirit   .     t - +0 cloak
rCorr  .         Warding  .     (gloves unavailable)
rMut   .         Stasis   .     (boots unavailable)
MR     .....                    (no amulet)
Stlth  +.........               (no ring)
                                (no ring)

@: not resistant to hostile enchantments, very unstealthy
A: unfitting armour, claws 3, fast metabolism 3, gourmand, regeneration 2,
shaggy fur 1, tough skin 2
a: Heroism, Renounce Religion


You were on level 6 of the Dungeon.
You worshipped Okawaru.
Okawaru was most pleased with you.
You were very full.

You visited 1 branch of the dungeon, and saw 7 of its levels.

You collected 133 gold pieces.

Inventory:

Armour
 a - a +0 robe (worn)
 t - a +0 cloak (worn)
Jewellery
 r - an uncursed ring of protection from magic {unknown}
 x - a cursed -2 ring of protection {unknown}
Wands
 q - a wand of frost (0)
 y - a wand of cold (7)
Scrolls
 c - 2 scrolls of identify {unknown}
 d - 2 scrolls of random uselessness {unknown}
 e - 2 scrolls of teleportation {unknown}
 n - 3 scrolls of fog {unknown}
 p - a scroll of remove curse {unknown}
 s - a scroll of immolation {unknown}
Potions
 f - 3 potions of curing {unknown}
 g - 2 potions of cancellation {unknown}
 h - a potion of lignification {unknown}
 i - a potion of agility {unknown}
 k - 3 potions of brilliance {unknown}
 l - a potion of mutation {unknown}
 m - 2 potions of flight {unknown}
 v - a potion of ambrosia {unknown}
 w - a potion of haste {unknown}
Comestibles
 b - 5 bread rations
 j - 3 fruits
 o - a slice of pizza
 u - a meat ration


   Skills:
 + Level 4.1 Fighting
 + Level 4.9 Dodging
 - Level 1.1 Stealth
 + Level 5.8 Unarmed Combat


You had 6 spell levels left.
You didn't know any spells.

Dungeon Overview and Level Annotations

Branches:
Dungeon (7/15)
 Temple: D:4-7

Altars:
Dithmenos
Kikubaaqudgha
Makhleb
Nemelex Xobeh
Okawaru
Vehumet
Yredelemnul


Innate Abilities, Weirdness & Mutations

You are too large for most types of armour.
You have claws for hands.
Your metabolism is lightning-fast.
You like to eat raw meat.
You heal very quickly.
You are covered in fur (AC +1).
You have very tough skin (AC +2).


Message History

The warg bites you!
* * * LOW HITPOINT WARNING * * *
The warg completely misses you. The warg barely misses you.
Found 9 stones.
The warg bites you!
* * * LOW HITPOINT WARNING * * *
Found a stone staircase leading up.
Found a jewelled fluorescent wand.
The warg barely misses you.
There is a stone staircase leading up here.
The warg bites you.
* * * LOW HITPOINT WARNING * * *
The warg bites you!
* * * LOW HITPOINT WARNING * * *
You climb upwards.
Found 12 gold pieces.
There is a stone staircase leading down here.
The warg bites you!
You die...

#. .# .###.
.#... ... ...
#.# #.# #@# #h#
#>#
#$.............
#.###........##
#.#.######
....# ...###
###


You could see a warg.

Vanquished Creatures
  Eustachio (D:4)
  A phantom (D:4)
  An ogre (D:5)
  A scorpion (D:4)
  A crimson imp (D:3)
  4 worker ants (D:4)
  5 adders
  A worker ant zombie (D:5)
  2 oozes
  3 worms
  2 giant geckos (D:3)
  2 orcs
  8 hobgoblins
  5 jackals
  5 kobolds
  5 bats
  3 giant cockroaches
  A giant gecko skeleton (D:4)
  A giant newt (D:1)
  4 goblins
  5 rats
61 creatures vanquished.

Notes
Turn   | Place    | Note
--------------------------------------------------------------
     0 | D:1      | Mysteryquy the Troll Monk began the quest for the Orb.
     0 | D:1      | Reached XP level 1. HP: 22/22 MP: 0/0
     9 | D:1      | Noticed an ogre
   224 | D:1      | Reached XP level 2. HP: 22/29 MP: 1/1
   800 | D:2      | Reached XP level 3. HP: 29/36 MP: 2/2
  1405 | D:2      | Found a sparkling altar of Nemelex Xobeh.
  1504 | D:3      | Found an iron altar of Okawaru.
  1513 | D:3      | Became a worshipper of Warmaster Okawaru
  1513 | D:3      | Reached * piety under Okawaru
  1513 | D:3      | Reached ** piety under Okawaru
  1543 | D:3      | Found an ancient bone altar of Kikubaaqudgha.
  1543 | D:3      | Found a basalt altar of Yredelemnul.
  1679 | D:3      | Found a radiant altar of Vehumet.
  1680 | D:3      | Found a burning altar of Makhleb.
  1689 | D:3      | Reached XP level 4. HP: 30/44 MP: 3/3
  1788 | D:3      | Found a shadowy altar of Dithmenos.
  1992 | D:4      | Reached XP level 5. HP: 41/53 MP: 4/4
  2047 | D:4      | Reached skill level 5 in Unarmed Combat
  2112 | D:4      | Noticed Eustachio
  2140 | D:4      | Killed Eustachio
  2140 | D:4      | Reached XP level 6. HP: 17/61 MP: 5/5
  2289 | D:4      | Reached *** piety under Okawaru
  2442 | D:4      | Noticed a phantom
  2455 | D:4      | Killed a phantom
  2555 | D:5      | Entered Level 5 of the Dungeon
  2557 | D:5      | Reached XP level 7. HP: 70/70 MP: 6/6
  2648 | D:5      | You fall through a shaft for 2 floors!
  2662 | D:7      | Noticed an orc knight
  2662 | D:7      | Noticed an orc warlord
  2686 | D:7      | HP: 1/70 [warg (10)]
  2689 | D:6      | Mangled by a warg

Action                   |  1- 3 |  4- 6 |  7- 9 || total
-------------------------+-------+-------+-------++-------
Melee: Unarmed           |    79 |   119 |     6 ||   204
 Stab: Sleeping          |       |     1 |       ||     1
  Eat: Chunk             |    16 |    13 |       ||    29
